IL
ROCHESTER RED WINGS @ NORFOLK TIDES
08/18/2099
 
TOP OF THE 1ST
Rochester Red Wings batting - Pitching for Norfolk Tides : RHP Eric Dick
Pitching: RHP Eric Dick
Batting: RHB Brian Taylor 0-0: Swinging Strike
0-1: Ball
1-1: Swinging Strike
1-2: Strikes out swinging
Batting: RHB Carlos Rodela 0-0: Ball
1-0: Swinging Strike
1-1: Ball
2-1: Called Strike
2-2: Foul Ball, location: 7LSFF
2-2: Foul Ball, location: 2F
2-2: Foul Ball, location: 3SF
2-2: Ground out U3 (Groundball, 34S, EV 81.3 MPH)
Batting: LHB Bobby Jones 0-0: Swinging Strike
0-1: Ball
1-1: Fly out, F8 (Flyball, 78M, EV 85.6 MPH)
Top of the 1st over - 0 runs, 0 hits, 0 errors, 0 left on base; Rochester 0 - Norfolk 0
BOTTOM OF THE 1ST
Norfolk Tides batting - Pitching for Rochester Red Wings : RHP Mitsuyasu Kume
Pitching: RHP Mitsuyasu Kume
Batting: SHB Jarrett Crawford 0-0: Ball
1-0: Ball
2-0: Ball
3-0: Base on Balls
Batting: RHB Dale Norvell 0-0: Ball
1-0: Fly out, F7 (Flyball, 7D, EV 101.9 MPH)
Batting: LHB Dave Schwabe 0-0: Called Strike
0-1: Grounds into double play, 4-6-3 (Groundball, 4, EV 83.1 MPH)
Bottom of the 1st over - 0 runs, 0 hits, 0 errors, 0 left on base; Rochester 0 - Norfolk 0
TOP OF THE 2ND
Rochester Red Wings batting - Pitching for Norfolk Tides : RHP Eric Dick
Batting: LHB Jay Molteni 0-0: Swinging Strike
0-1: Foul Ball, location: 25F
0-2: Ball
1-2: Ball
2-2: DOUBLE (Line Drive, 7LM, EV 105.0 MPH)
Batting: RHB Rogelio Rivera 0-0: Called Strike
0-1: Ball
1-1: Foul Ball, location: 2F
1-2: Ground out 6-3 (Groundball, 6, EV 88.1 MPH)
Jay Molteni to third
Batting: SHB Emanuel Sanchez 0-0: Ball
1-0: Called Strike
1-1: Ball
2-1: Foul Ball, location: 2F
2-2: Ball
3-2: Foul Ball, location: 2F
3-2: SINGLE (Line Drive, 6MD, EV 96.3 MPH)
Jay Molteni scores
Batting: RHB Gene Homann 0-0: Called Strike
0-1: Foul Ball, location: 25F
0-2: Ball
1-2: SINGLE (Groundball, 56S, EV 70.0 MPH) (infield hit)
Emanuel Sanchez to second
Batting: RHB Shane Cook 0-0: Called Strike
0-1: Foul Ball, location: 9LDF
0-2: Strikes out swinging
Batting: SHB Jimmy Dressler 0-0: Called Strike
0-1: Ball
1-1: Fielders Choice at 2nd, 5-4 (Groundball, 56, EV 80.0 MPH)
Top of the 2nd over - 1 run, 3 hits, 0 errors, 2 left on base; Rochester 1 - Norfolk 0
BOTTOM OF THE 2ND
Norfolk Tides batting - Pitching for Rochester Red Wings : RHP Mitsuyasu Kume
Batting: RHB Anthon de Graauw 0-0: Swinging Strike
0-1: Swinging Strike
0-2: Ball
1-2: Strikes out looking
Batting: LHB Kevin Traynham 0-0: Ball
1-0: Ball
2-0: Foul Ball, location: 3F
2-1: Ground out 3-1 (Groundball, 3L, EV 97.5 MPH)
Batting: RHB Evan Keaton 0-0: Ball
1-0: Ball
2-0: Fly out, F7 (Flyball, 7LS, EV 93.1 MPH)
Bottom of the 2nd over - 0 runs, 0 hits, 0 errors, 0 left on base; Rochester 1 - Norfolk 0
TOP OF THE 3RD
Rochester Red Wings batting - Pitching for Norfolk Tides : RHP Eric Dick
Batting: RHB Brian Taylor 0-0: Called Strike
0-1: Foul Ball, location: 2F
0-2: Ground out 4-3 (Groundball, 4, EV 83.1 MPH)
Batting: RHB Carlos Rodela 0-0: Ball
1-0: Ball
2-0: Fly out, F8 (Flyball, 8RXD, EV 86.3 MPH)
Batting: LHB Bobby Jones 0-0: Ball
1-0: Ball
2-0: Fly out, F7 (Flyball, 78M, EV 86.3 MPH)
Top of the 3rd over - 0 runs, 0 hits, 0 errors, 0 left on base; Rochester 1 - Norfolk 0
BOTTOM OF THE 3RD
Norfolk Tides batting - Pitching for Rochester Red Wings : RHP Mitsuyasu Kume
Batting: LHB Andres Lopez 0-0: Ball
1-0: Ball
2-0: Foul Ball, location: 2F
2-1: Ground out 4-3 (Groundball, 4, EV 105.6 MPH)
Batting: RHB Jonathan Wickersham 0-0: Ball
1-0: Ground out 4-3 (Groundball, 4, EV 105.6 MPH)
Batting: RHB Lloyd Hallamore 0-0: Called Strike
0-1: Ball
1-1: Ball
2-1: Foul Ball, location: 2F
2-2: Fly out, F8 (Flyball, 8LXD, EV 103.1 MPH)
Bottom of the 3rd over - 0 runs, 0 hits, 0 errors, 0 left on base; Rochester 1 - Norfolk 0
TOP OF THE 4TH
Rochester Red Wings batting - Pitching for Norfolk Tides : RHP Eric Dick
Batting: LHB Jay Molteni 0-0: Called Strike
0-1: Foul Ball, location: 5F
0-2: Ball
1-2: Ball
2-2: Ball
3-2: Ground out 4-3 (Groundball, 4, EV 81.9 MPH)
Batting: RHB Rogelio Rivera 0-0: SINGLE (Line Drive, 7S, EV 99.4 MPH)
Batting: SHB Emanuel Sanchez 0-0: Foul Ball, location: 25FF
0-1: Foul Ball, location: 2F
0-2: Ball
1-2: Strikes out swinging
Batting: RHB Gene Homann 0-0: Ball
1-0: Called Strike
1-1: Fielders Choice at 2nd, 6-4 (Groundball, 6, EV 90.6 MPH)
Top of the 4th over - 0 runs, 1 hit, 0 errors, 1 left on base; Rochester 1 - Norfolk 0
BOTTOM OF THE 4TH
Norfolk Tides batting - Pitching for Rochester Red Wings : RHP Mitsuyasu Kume
Batting: SHB Jarrett Crawford 0-0: Ball
1-0: Ball
2-0: Ball
3-0: Base on Balls
Batting: RHB Dale Norvell 0-0: Ball
1-0: SINGLE (Line Drive, 4MD, EV 95.6 MPH)
Jarrett Crawford to second
Runner from 2nd tries for 3rd, SAFE, throw by CF made to third
Batting: LHB Dave Schwabe 0-0: Foul Ball, location: 5FF
0-1: Fly out, F9 (Flyball, 9, EV 86.3 MPH)
Runner from 3rd tags up, SCORES, throw by RF
Batting: RHB Anthon de Graauw 0-0: Ball
1-0: Called Strike
1-1: Swinging Strike
1-2: Strikes out swinging
Batting: LHB Kevin Traynham 0-0: Called Strike
0-1: Foul Ball, location: 2F
0-2: Ball
1-2: Fly out, F4 (Popup, 4M, EV 60.6 MPH)
Bottom of the 4th over - 1 run, 1 hit, 0 errors, 1 left on base; Rochester 1 - Norfolk 1
TOP OF THE 5TH
Rochester Red Wings batting - Pitching for Norfolk Tides : RHP Eric Dick
Batting: RHB Shane Cook 0-0: Ball
1-0: Called Strike
1-1: DOUBLE (Groundball, 5L, EV 97.5 MPH)
Batting: SHB Jimmy Dressler 0-0: Foul Ball, location: 7LDF
0-1: Swinging Strike
0-2: DOUBLE (Groundball, 5L, EV 110.6 MPH)
Shane Cook scores
Batting: RHB Brian Taylor 0-0: Ground out 6-3 (Groundball, 6S, EV 73.1 MPH)
Jimmy Dressler to third
Batting: RHB Carlos Rodela 0-0: Called Strike
0-1: Ball
1-1: Ground out 5-3 (Groundball, 56S, EV 78.8 MPH)
Jimmy Dressler scores
Batting: LHB Bobby Jones 0-0: Called Strike
0-1: Fly out, F7 (Flyball, 7LSF, EV 92.5 MPH)
Top of the 5th over - 2 runs, 2 hits, 0 errors, 0 left on base; Rochester 3 - Norfolk 1
BOTTOM OF THE 5TH
Norfolk Tides batting - Pitching for Rochester Red Wings : RHP Mitsuyasu Kume
Batting: RHB Evan Keaton 0-0: Ball
1-0: Ball
2-0: Called Strike
2-1: Called Strike
2-2: Foul Ball, location: 2F
2-2: Ball
3-2: Strikes out swinging
Batting: LHB Andres Lopez 0-0: Called Strike
0-1: Called Strike
0-2: Ball
1-2: SINGLE (Line Drive, 34, EV 101.3 MPH)
Batting: RHB Jonathan Wickersham 0-0: Ball
1-0: Ball
2-0: Ball
3-0: Called Strike
3-1: Base on Balls
Andres Lopez to second
Batting: RHB Lloyd Hallamore 0-0: Ball
1-0: Ball
2-0: Called Strike
2-1: Foul Ball, location: 2F
2-2: Grounds into double play, 5-4-3 (Groundball, 56, EV 83.8 MPH)
Bottom of the 5th over - 0 runs, 1 hit, 0 errors, 1 left on base; Rochester 3 - Norfolk 1
TOP OF THE 6TH
Rochester Red Wings batting - Pitching for Norfolk Tides : RHP Eric Dick
Batting: LHB Jay Molteni 0-0: Called Strike
0-1: Ball
1-1: Ground out 3-1 (Groundball, 34, EV 85.6 MPH)
Batting: RHB Rogelio Rivera 0-0: Called Strike
0-1: Foul Ball, location: 5FF
0-2: SINGLE (Line Drive, 34, EV 110.6 MPH)
Batting: SHB Emanuel Sanchez 0-0: Called Strike
0-1: Ball
1-1: Fielders Choice at 2nd, 6-4 (Groundball, 6, EV 78.8 MPH)
Batting: RHB Gene Homann 0-0: Swinging Strike
0-1: Called Strike
0-2: Strikes out swinging
Top of the 6th over - 0 runs, 1 hit, 0 errors, 1 left on base; Rochester 3 - Norfolk 1
BOTTOM OF THE 6TH
Norfolk Tides batting - Pitching for Rochester Red Wings : RHP Mitsuyasu Kume
Batting: SHB Jarrett Crawford 0-0: Ball
1-0: Foul Ball, location: 2F
1-1: Foul Ball, location: 23FF
1-2: Foul Ball, location: 2F
1-2: Foul Ball, location: 7LDF
1-2: Foul Ball, location: 2F
1-2: Ball
2-2: Ball
3-2: Reached on error, E6 (Groundball, 6, EV 81.9 MPH)
Batting: RHB Dale Norvell 0-0: Fielders Choice at 2nd, 1-4 (Groundball, 25, EV 64.4 MPH)
Batting: LHB Dave Schwabe 0-0: Called Strike
0-1: Ball
1-1: SINGLE (Groundball, 4MD, EV 100.6 MPH)
Dale Norvell to second
Runner from 2nd tries for 3rd, SAFE, no throw by CF
Batting: RHB Anthon de Graauw 0-0: Ball
1-0: Ball
2-0: Called Strike
2-1: Ball
3-1: Base on Balls
Dave Schwabe to second
Batting: LHB Kevin Traynham 0-0: Ball
1-0: Ball
2-0: Foul Ball, location: 2F
2-1: Ball
3-1: Called Strike
3-2: SINGLE (Line Drive, 78M, EV 105.0 MPH)
Dale Norvell scores
Dave Schwabe to third
Anthon de Graauw to second
Runner from 3rd tries for Home, throw by CF and OUT! 8-2
Anthon de Graauw to third
Kevin Traynham to second
Batting: RHB Evan Keaton 0-0: Ball
1-0: Ground out 4-3 (Groundball, 4, EV 76.9 MPH)
Bottom of the 6th over - 1 run, 2 hits, 1 error, 2 left on base; Rochester 3 - Norfolk 2
TOP OF THE 7TH
Rochester Red Wings batting - Pitching for Norfolk Tides : RHP Eric Dick
Batting: RHB Shane Cook 0-0: Called Strike
0-1: Ball
1-1: Foul Ball, location: 9LSF
1-2: Foul Ball, location: 7LMFF
1-2: Foul Ball, location: 7LMF
1-2: Strikes out swinging
Batting: SHB Jimmy Dressler 0-0: Called Strike
0-1: Ball
1-1: Foul Ball, location: 2F
1-2: SINGLE (Line Drive, 89S, EV 106.3 MPH)
Pitching: LHP Malachi Phillips
Batting: RHB Brian Taylor 0-0: Foul Ball, location: 5FF
0-1: Ball
1-1: Ball
2-1: Ball
3-1: Foul Ball, location: 7LDF
3-2: Foul Ball, location: 2F
3-2: Base on Balls
Jimmy Dressler to second
Batting: RHB Carlos Rodela 0-0: Called Strike
0-1: Ball
1-1: Grounds into double play, 5-4-3 (Groundball, 56S, EV 81.9 MPH)
Top of the 7th over - 0 runs, 1 hit, 0 errors, 1 left on base; Rochester 3 - Norfolk 2
BOTTOM OF THE 7TH
Norfolk Tides batting - Pitching for Rochester Red Wings : RHP Mitsuyasu Kume
Now at 1B: Brian Taylor
Now at 3B: Pablo Luna
Now in LF: Danny Strickland
Now in RF: Rogelio Rivera
Batting: LHB Andres Lopez 0-0: Swinging Strike
0-1: Foul Ball, location: 9LDF
0-2: Ball
1-2: Ball
2-2: Ball
3-2: Strikes out swinging, 2-3 out at first.
Pinch Hitting: LHB Beau Romano 0-0: Ball
1-0: Ball
2-0: Ball
3-0: Base on Balls
Pitching: RHP Nick Bruhl
Batting: RHB Lloyd Hallamore 0-0: Foul Ball, location: 2F
0-1: Called Strike
0-2: Foul Ball, location: 3FF
0-2: Ball
1-2: Ball
2-2: SINGLE (Line Drive, 7S, EV 89.4 MPH)
Beau Romano to second
Batting: SHB Jarrett Crawford 0-0: Ball
1-0: Ball
2-0: Foul Ball, location: 2F
2-1: Ball
3-1: Foul Ball, location: 25F
3-2: Grounds into double play, 6-4-3 (Groundball, 6, EV 106.9 MPH)
Bottom of the 7th over - 0 runs, 1 hit, 0 errors, 1 left on base; Rochester 3 - Norfolk 2
TOP OF THE 8TH
Rochester Red Wings batting - Pitching for Norfolk Tides : LHP Malachi Phillips
Now at 3B: B.J. Frantz
Batting: LHB Bobby Jones 0-0: Called Strike
0-1: Swinging Strike
0-2: Fly out, F9 (Flyball, 89S, EV 91.3 MPH)
Batting: RHB Pablo Luna 0-0: Called Strike
0-1: Ball
1-1: Ball
2-1: Swinging Strike
2-2: Foul Ball, location: 2F
2-2: Strikes out swinging
Batting: RHB Rogelio Rivera 0-0: Ground out 5-3 (Groundball, 56, EV 85.6 MPH)
Top of the 8th over - 0 runs, 0 hits, 0 errors, 0 left on base; Rochester 3 - Norfolk 2
BOTTOM OF THE 8TH
Norfolk Tides batting - Pitching for Rochester Red Wings : RHP Nick Bruhl
Pitching: RHP Danny Nunez
Batting: RHB Dale Norvell 0-0: SINGLE (Line Drive, 4MD, EV 96.9 MPH)
Batting: LHB Dave Schwabe 0-0: Called Strike
0-1: Ball
1-1: Fly out, F9 (Flyball, 89D, EV 92.5 MPH)
Batting: RHB Anthon de Graauw 0-0: Ball
Dale Norvell steals 2nd base
1-0: Swinging Strike
1-1: Swinging Strike
1-2: Fly out, F8 (Flyball, 8RXD, EV 105.0 MPH)
Runner from 2nd tags up, SAFE at 3rd, no throw by CF
Batting: LHB Kevin Traynham 0-0: Called Strike
0-1: Foul Ball, location: 5SF
0-2: Ball
1-2: Ball
2-2: Ball
3-2: Ground out 4-3 (Groundball, 4S, EV 63.1 MPH)
Bottom of the 8th over - 0 runs, 1 hit, 0 errors, 1 left on base; Rochester 3 - Norfolk 2
TOP OF THE 9TH
Rochester Red Wings batting - Pitching for Norfolk Tides : LHP Malachi Phillips
Batting: SHB Emanuel Sanchez 0-0: Fly out, F8 (Flyball, 8LXD, EV 106.9 MPH)
Batting: RHB Gene Homann 0-0: Called Strike
0-1: Foul Ball, location: 5F
0-2: Strikes out swinging
Batting: RHB Shane Cook 0-0: Ball
1-0: Fly out, F4 (Line Drive, 4, EV 66.9 MPH)
Top of the 9th over - 0 runs, 0 hits, 0 errors, 0 left on base; Rochester 3 - Norfolk 2
BOTTOM OF THE 9TH
Norfolk Tides batting - Pitching for Rochester Red Wings : RHP Danny Nunez
Batting: RHB Evan Keaton 0-0: Ball
1-0: Fly out, F9 (Flyball, 9LM, EV 109.4 MPH)
Batting: LHB Andres Lopez 0-0: Called Strike
0-1: Fly out, F8 (Flyball, 8RD, EV 110.6 MPH)
Pinch Hitting: LHB Isaiah Brown 0-0: Ball
1-0: Foul Ball, location: 2F
1-1: Foul Ball, location: 2F
1-2: Ball
2-2: Foul Ball, location: 7LSF
2-2: Strikes out swinging
Bottom of the 9th over - 0 runs, 0 hits, 0 errors, 0 left on base; Rochester 3 - Norfolk 2
Wednesday, May 15th , 2024 - OOTP Baseball 24.11 Build 85